[ AOE2 MATCH · #486230030 ]
UnrankedVietnamese vs Turks
[ REPLAY ANALYSIS · EXTRACTED FROM THE RECORDED GAME ]
Feudal
11:28
Castle
19:05
Imperial
38:36
| APM avg | 34.3 |
| APM peak | 100 |
| eAPM avg | 17.4 |
| Villagers / military | 153 / 376 |
Focus
⚔️ 25.4% · 🌾 74.6%
Skirmisher ×153 · Rattan Archer ×133 · Battle Elephant ×74 · Trade Cart ×60 · Trebuchet (Packed) ×5 · Spearman ×4
Feudal
11:29
Castle
15:20
Imperial
29:03
| APM avg | 54.3 |
| APM peak | 108 |
| eAPM avg | 35.3 |
| Villagers / military | 138 / 617 |
Focus
⚔️ 38.1% · 🌾 61.9%
Knight ×255 · Spearman ×178 · Scout Cavalry ×87 · Militia ×56 · Trade Cart ×16 · Bombard Cannon ×13
Feudal
12:59
Castle
18:10
Imperial
37:37
| APM avg | 26.0 |
| APM peak | 78 |
| eAPM avg | 17.0 |
| Villagers / military | 201 / 660 |
Focus
⚔️ 52.9% · 🌾 47.1%
Scout Cavalry ×194 · Spearman ×178 · Skirmisher ×145 · Janissary ×74 · Militia ×29 · Scorpion ×22
Feudal
12:43
Castle
18:50
Imperial
33:45
| APM avg | 11.3 |
| APM peak | 32 |
| eAPM avg | 9.5 |
| Villagers / military | 126 / 516 |
Focus
⚔️ 46.2% · 🌾 53.8%
Spearman ×228 · Militia ×181 · Boyar ×54 · Battering Ram ×53 · Trade Cart ×21
Feudal
11:56
Castle
20:14
Imperial
33:55
| APM avg | 24.3 |
| APM peak | 101 |
| eAPM avg | 20.5 |
| Villagers / military | 143 / 200 |
Focus
⚔️ 43.6% · 🌾 56.4%
Unknown (1908) ×330 · Skirmisher ×173 · Trade Cart ×30 · Trebuchet (Packed) ×18 · Iron Pagoda ×9
Feudal
10:35
Castle
16:03
Imperial
44:01
| APM avg | 35.0 |
| APM peak | 86 |
| eAPM avg | 28.1 |
| Villagers / military | 455 / 1106 |
Focus
⚔️ 37.0% · 🌾 63.0%
Spearman ×985 · Militia ×78 · Battle Elephant ×16 · Trade Cart ×13 · Monk ×7 · Arambai ×7
Feudal
11:31
Castle
18:05
Imperial
35:02
| APM avg | 26.9 |
| APM peak | 79 |
| eAPM avg | 14.1 |
| Villagers / military | 143 / 282 |
Focus
⚔️ 32.1% · 🌾 67.9%
Skirmisher ×101 · Cavalry Archer ×69 · Scout Cavalry ×56 · Tarkan ×37 · Spearman ×18 · Battering Ram ×1
Feudal
11:34
Castle
15:33
Imperial
32:49
| APM avg | 17.1 |
| APM peak | 43 |
| eAPM avg | 13.0 |
| Villagers / military | 160 / 687 |
Focus
⚔️ 34.1% · 🌾 65.9%
Konnik ×317 · Scout Cavalry ×204 · Spearman ×157 · Trade Cart ×46 · Militia ×5 · Trebuchet (Packed) ×3
Match map
Initial resources + every placement click. Lines = walls · curves = elevation contours. ◆ gold · ⬟ stone · ● berries · ✦ relic · ◌ wall gap
Your base· ✓ Closed at 19:05 · 0t walls · 2 gate(s)
你大大哥's base· ✓ Closed at 15:20 · 0t walls · 3 gate(s)
dafr1997's base· ✓ Closed at 18:10 · 0t walls · 3 gate(s)
Cpl.Psnype.ANZACS.NZ's base· ✓ Closed at 18:50 · 0t walls · 3 gate(s)
dfer's base· ✓ Closed at 20:14 · 0t walls · 2 gate(s)
怒头堵紧's base· ✓ Closed at 16:03 · 3t walls · 2 gate(s)
rodolfo casas noten¨o's base· ✓ Closed at 18:05 · 6t walls · 2 gate(s)
ZC_39's base· ✓ Closed at 15:33 · 0t walls · 3 gate(s)
Smoothed initial terrain · ◌ = detected wall gap · hover for details
Inputs per minute
— 武靖岐阳王李文忠 - - 你大大哥
Build order — 武靖岐阳王李文忠
First 150 of 495 actions detected
| 0:06 | Build | House |
| 0:08 | Build | House |
| 0:13 | Build | House |
| 0:16 | Queue | Villager (Male) |
| 0:16 | Queue | Villager (Male) |
| 0:16 | Queue | Villager (Male) |
| 0:16 | Queue | Villager (Male) |
| 0:17 | Queue | Villager (Male) |
| 0:17 | Queue | Villager (Male) |
| 0:30 | Build | House |
| 0:32 | Build | House |
| 1:39 | Build | Lumber Camp |
| 1:46 | Queue | Villager (Male) |
| 2:27 | Queue | Villager (Male) |
| 2:28 | Queue | Villager (Male) |
| 2:50 | Queue | Villager (Male) |
| 3:31 | Queue | Villager (Male) |
| 3:31 | Queue | Villager (Male) |
| 3:32 | Queue | Villager (Male) |
| 3:32 | Queue | Villager (Male) |
| 3:57 | Queue | Villager (Male) |
| 3:58 | Queue | Villager (Male) |
| 3:58 | Queue | Villager (Male) |
| 4:50 | Queue | Villager (Male) |
| 4:50 | Queue | Villager (Male) |
| 4:50 | Queue | Villager (Male) |
| 5:10 | Queue | Villager (Male) |
| 5:11 | Queue | Villager (Male) |
| 5:25 | Queue | Villager (Male) |
| 5:51 | Queue | Villager (Male) |
| 5:51 | Queue | Villager (Male) |
| 6:13 | Queue | Villager (Male) |
| 8:06 | Queue | Villager (Male) |
| 8:23 | Queue | Villager (Male) |
| 8:36 | Build | Mill |
| 9:18 | Research | Feudal Age |
| 9:19 | Research | Feudal Age |
| 9:19 | Research | Feudal Age |
| 9:38 | Build | House |
| 9:39 | Build | House |
| 11:08 | Build | House |
| 11:12 | Build | House |
| 11:25 | Queue | Villager (Male) |
| 11:26 | Queue | Villager (Male) |
| 11:28 | Queue | Villager (Male) |
| 11:28 | Age | Feudal Age |
| 11:32 | Research | Double-Bit Axe |
| 11:35 | Research | Horse Collar |
| 11:51 | Build | Blacksmith |
| 12:19 | Build | Mining Camp |
| 12:24 | Queue | Villager (Male) |
| 12:25 | Queue | Villager (Male) |
| 13:06 | Build | Market |
| 13:11 | Queue | Villager (Male) |
| 13:31 | Build | Mill |
| 13:42 | Queue | Villager (Male) |
| 13:46 | Queue | Villager (Male) |
| 13:46 | Queue | Villager (Male) |
| 14:15 | Build | Farm |
| 14:20 | Build | House |
| 14:21 | Build | House |
| 14:27 | Build | Farm |
| 14:52 | Build | Farm |
| 15:18 | Build | Farm |
| 15:21 | Research | Loom |
| 15:42 | Build | Barracks |
| 16:05 | Build | Farm |
| 16:20 | Build | Mining Camp |
| 16:25 | Research | Castle Age |
| 16:26 | Research | Castle Age |
| 16:47 | Queue | Spearman |
| 16:47 | Queue | Spearman |
| 17:00 | Build | Archery Range |
| 17:11 | Build | Stable |
| 17:19 | Queue | Spearman |
| 17:19 | Queue | Spearman |
| 17:35 | Research | Stone Mining |
| 17:55 | Research | Man-at-Arms (upgrade) |
| 18:11 | Queue | Scout Cavalry |
| 18:11 | Queue | Scout Cavalry |
| 18:24 | Build | Barracks |
| 18:47 | Queue | Scout Cavalry |
| 18:47 | Queue | Scout Cavalry |
| 19:00 | Queue | Militia |
| 19:01 | Queue | Militia |
| 19:05 | Age | Castle Age |
| 19:23 | Build | Town Center |
| 19:40 | Build | House |
| 19:41 | Build | House |
| 19:51 | Queue | Villager (Male) |
| 19:51 | Queue | Villager (Male) |
| 19:58 | Research | Bow Saw |
| 20:29 | Research | Heavy Plow |
| 20:33 | Queue | Villager (Male) |
| 20:42 | Queue | Villager (Male) |
| 20:48 | Build | Farm |
| 20:56 | Build | House |
| 20:56 | Build | House |
| 21:13 | Build | Farm |
| 21:14 | Build | Farm |
| 21:16 | Build | Farm |
| 21:17 | Build | Farm |
| 21:18 | Build | Farm |
| 21:19 | Build | Farm |
| 21:20 | Build | Farm |
| 21:24 | Build | Farm |
| 21:26 | Build | Farm |
| 21:30 | Queue | Villager (Male) |
| 21:44 | Queue | Villager (Male) |
| 21:44 | Queue | Villager (Male) |
| 22:09 | Build | House |
| 22:09 | Build | House |
| 22:10 | Build | House |
| 22:18 | Build | Farm |
| 22:19 | Build | Farm |
| 22:23 | Queue | Villager (Male) |
| 22:23 | Queue | Villager (Male) |
| 22:28 | Queue | Villager (Male) |
| 22:28 | Queue | Villager (Male) |
| 23:13 | Build | Farm |
| 23:38 | Build | Farm |
| 23:45 | Build | Town Center |
| 23:46 | Queue | Villager (Male) |
| 23:47 | Queue | Villager (Male) |
| 23:53 | Build | House |
| 23:54 | Build | House |
| 23:56 | Build | House |
| 24:00 | Queue | Villager (Male) |
| 24:00 | Queue | Villager (Male) |
| 24:03 | Queue | Villager (Male) |
| 24:17 | Build | Castle |
| 24:22 | Queue | Villager (Male) |
| 24:23 | Queue | Villager (Male) |
| 24:24 | Queue | Villager (Male) |
| 24:39 | Build | Town Center |
| 25:43 | Queue | Villager (Male) |
| 25:44 | Queue | Villager (Male) |
| 25:44 | Queue | Villager (Male) |
| 25:45 | Queue | Villager (Male) |
| 25:45 | Queue | Villager (Male) |
| 25:46 | Queue | Villager (Male) |
| 25:46 | Queue | Villager (Male) |
| 25:48 | Queue | Villager (Male) |
| 25:49 | Queue | Villager (Male) |
| 25:49 | Queue | Villager (Male) |
| 25:49 | Queue | Villager (Male) |
| 25:49 | Queue | Villager (Male) |
| 25:56 | Build | House |
| 25:57 | Build | House |
| 26:06 | Queue | Rattan Archer |
Build order — 你大大哥
First 150 of 968 actions detected
| 0:03 | Queue | Villager (Male) |
| 0:03 | Queue | Villager (Male) |
| 0:04 | Build | House |
| 0:06 | Build | House |
| 0:06 | Queue | Villager (Male) |
| 0:07 | Queue | Villager (Male) |
| 0:07 | Queue | Villager (Male) |
| 1:26 | Queue | Villager (Male) |
| 1:26 | Queue | Villager (Male) |
| 1:46 | Build | Lumber Camp |
| 2:14 | Queue | Villager (Male) |
| 2:14 | Queue | Villager (Male) |
| 2:27 | Queue | Villager (Male) |
| 2:27 | Queue | Villager (Male) |
| 2:58 | Queue | Villager (Male) |
| 2:58 | Queue | Villager (Male) |
| 3:24 | Queue | Villager (Male) |
| 3:24 | Queue | Villager (Male) |
| 3:33 | Build | Mill |
| 3:40 | Queue | Villager (Male) |
| 4:02 | Build | House |
| 4:04 | Queue | Villager (Male) |
| 4:04 | Queue | Villager (Male) |
| 4:30 | Queue | Villager (Male) |
| 4:30 | Queue | Villager (Male) |
| 4:36 | Build | House |
| 4:59 | Queue | Villager (Male) |
| 4:59 | Queue | Villager (Male) |
| 5:00 | Queue | Villager (Male) |
| 5:09 | Build | House |
| 5:18 | Queue | Villager (Male) |
| 5:19 | Queue | Villager (Male) |
| 5:47 | Queue | Villager (Male) |
| 5:54 | Queue | Villager (Male) |
| 6:41 | Queue | Villager (Male) |
| 7:04 | Queue | Villager (Male) |
| 7:04 | Queue | Villager (Male) |
| 7:36 | Queue | Villager (Male) |
| 7:44 | Queue | Villager (Male) |
| 8:13 | Queue | Villager (Male) |
| 8:17 | Build | Mining Camp |
| 8:51 | Queue | Villager (Male) |
| 8:57 | Research | Feudal Age |
| 10:11 | Build | Farm |
| 10:35 | Queue | Villager (Male) |
| 10:35 | Queue | Villager (Male) |
| 10:41 | Build | Farm |
| 10:43 | Build | Farm |
| 11:29 | Age | Feudal Age |
| 11:35 | Build | Blacksmith |
| 11:47 | Build | Market |
| 12:03 | Build | Farm |
| 12:24 | Build | Farm |
| 12:28 | Build | Farm |
| 12:32 | Build | Lumber Camp |
| 12:40 | Research | Castle Age |
| 13:07 | Research | Double-Bit Axe |
| 13:50 | Build | Mining Camp |
| 14:06 | Build | House |
| 14:08 | Build | House |
| 15:11 | Build | Barracks |
| 15:20 | Age | Castle Age |
| 15:23 | Build | Town Center |
| 15:28 | Queue | Villager (Male) |
| 15:28 | Queue | Villager (Male) |
| 15:29 | Queue | Villager (Male) |
| 15:30 | Queue | Villager (Male) |
| 15:31 | Queue | Villager (Male) |
| 15:34 | Build | House |
| 16:07 | Build | Town Center |
| 16:17 | Queue | Villager (Male) |
| 16:53 | Build | Farm |
| 16:55 | Build | Farm |
| 16:59 | Queue | Villager (Male) |
| 16:59 | Queue | Villager (Male) |
| 17:16 | Build | Farm |
| 17:22 | Queue | Villager (Male) |
| 17:22 | Queue | Villager (Male) |
| 17:28 | Build | Farm |
| 17:52 | Queue | Villager (Male) |
| 17:52 | Queue | Villager (Male) |
| 17:52 | Queue | Villager (Male) |
| 18:24 | Queue | Villager (Male) |
| 18:24 | Queue | Villager (Male) |
| 18:38 | Build | Monastery |
| 18:48 | Build | Town Center |
| 18:51 | Queue | Villager (Male) |
| 18:51 | Queue | Villager (Male) |
| 18:59 | Build | Farm |
| 19:01 | Build | Farm |
| 19:05 | Queue | Villager (Male) |
| 19:05 | Queue | Villager (Male) |
| 19:09 | Queue | Villager (Male) |
| 19:09 | Queue | Villager (Male) |
| 19:10 | Queue | Villager (Male) |
| 19:25 | Build | Lumber Camp |
| 19:26 | Queue | Villager (Male) |
| 19:26 | Queue | Villager (Male) |
| 19:46 | Build | House |
| 19:46 | Queue | Monk |
| 19:56 | Queue | Villager (Male) |
| 19:56 | Queue | Villager (Male) |
| 19:57 | Queue | Villager (Male) |
| 20:05 | Build | Farm |
| 20:12 | Build | Farm |
| 20:13 | Build | Farm |
| 20:14 | Build | Farm |
| 20:15 | Build | Farm |
| 20:18 | Build | Farm |
| 20:20 | Queue | Villager (Male) |
| 20:20 | Queue | Villager (Male) |
| 20:29 | Build | House |
| 20:30 | Build | House |
| 20:39 | Build | Farm |
| 20:42 | Queue | Villager (Male) |
| 20:42 | Queue | Villager (Male) |
| 20:54 | Queue | Villager (Male) |
| 20:54 | Queue | Villager (Male) |
| 20:59 | Build | Farm |
| 21:00 | Queue | Villager (Male) |
| 21:00 | Queue | Villager (Male) |
| 21:13 | Queue | Villager (Male) |
| 21:19 | Queue | Villager (Male) |
| 21:20 | Queue | Villager (Male) |
| 21:23 | Queue | Villager (Male) |
| 21:24 | Queue | Villager (Male) |
| 21:30 | Build | Farm |
| 21:31 | Build | Farm |
| 21:33 | Build | Farm |
| 21:34 | Build | Farm |
| 21:37 | Queue | Villager (Male) |
| 22:10 | Queue | Villager (Male) |
| 22:14 | Research | Bow Saw |
| 22:32 | Build | Farm |
| 22:33 | Build | Farm |
| 22:34 | Build | Farm |
| 22:37 | Build | Farm |
| 22:38 | Build | Farm |
| 22:43 | Queue | Monk |
| 22:55 | Build | Farm |
| 22:56 | Build | Farm |
| 22:57 | Queue | Villager (Male) |
| 22:57 | Queue | Villager (Male) |
| 22:59 | Research | Wheelbarrow |
| 23:12 | Build | University |
| 23:19 | Build | Stable |
| 23:22 | Build | Stable |
| 23:25 | Build | Stable |
| 23:34 | Build | Farm |
| 23:34 | Build | Farm |
Build order — dafr1997
First 150 of 849 actions detected
| 0:01 | Queue | Villager (Male) |
| 0:01 | Queue | Villager (Male) |
| 0:02 | Queue | Villager (Male) |
| 0:02 | Queue | Villager (Male) |
| 0:02 | Queue | Villager (Male) |
| 0:05 | Build | House |
| 0:07 | Build | House |
| 1:33 | Queue | Villager (Male) |
| 1:45 | Build | Lumber Camp |
| 2:09 | Queue | Villager (Male) |
| 2:24 | Queue | Villager (Male) |
| 2:48 | Queue | Villager (Male) |
| 3:32 | Queue | Villager (Male) |
| 3:41 | Queue | Villager (Male) |
| 4:05 | Build | House |
| 4:08 | Queue | Villager (Male) |
| 4:31 | Build | House |
| 4:50 | Build | House |
| 4:53 | Queue | Villager (Male) |
| 4:54 | Queue | Villager (Male) |
| 5:46 | Queue | Villager (Male) |
| 6:10 | Queue | Villager (Male) |
| 6:13 | Queue | Villager (Male) |
| 6:36 | Queue | Villager (Male) |
| 6:37 | Queue | Villager (Male) |
| 6:41 | Build | Mill |
| 7:46 | Queue | Villager (Male) |
| 7:47 | Queue | Villager (Male) |
| 8:03 | Build | Mining Camp |
| 8:40 | Queue | Villager (Male) |
| 9:04 | Queue | Villager (Male) |
| 9:32 | Build | Lumber Camp |
| 9:34 | Queue | Villager (Male) |
| 9:49 | Queue | Villager (Male) |
| 9:50 | Research | Loom |
| 9:51 | Research | Feudal Age |
| 10:23 | Build | Farm |
| 10:28 | Build | Farm |
| 10:34 | Build | Farm |
| 10:38 | Build | Farm |
| 10:42 | Build | Farm |
| 10:46 | Build | Farm |
| 11:17 | Build | Farm |
| 11:21 | Build | Farm |
| 11:46 | Queue | Villager (Male) |
| 12:59 | Age | Feudal Age |
| 13:12 | Build | Blacksmith |
| 13:24 | Queue | Villager (Male) |
| 13:25 | Queue | Villager (Male) |
| 13:27 | Research | Wheelbarrow |
| 13:37 | Build | Market |
| 14:34 | Build | House |
| 14:40 | Build | Mining Camp |
| 15:18 | Research | Castle Age |
| 15:58 | Research | Double-Bit Axe |
| 17:14 | Research | Town Watch |
| 17:18 | Queue | Villager (Male) |
| 17:38 | Research | Fletching |
| 17:45 | Research | Horse Collar |
| 18:10 | Age | Castle Age |
| 18:14 | Build | Town Center |
| 18:18 | Research | Bow Saw |
| 18:24 | Research | Heavy Plow |
| 18:36 | Queue | Villager (Male) |
| 18:46 | Build | Farm |
| 18:46 | Build | Farm |
| 18:46 | Build | Farm |
| 18:47 | Build | Farm |
| 18:49 | Build | Farm |
| 18:49 | Build | Farm |
| 19:15 | Queue | Villager (Male) |
| 19:23 | Queue | Villager (Male) |
| 20:06 | Queue | Villager (Male) |
| 20:07 | Queue | Villager (Male) |
| 20:26 | Build | Castle |
| 20:39 | Queue | Villager (Male) |
| 20:40 | Research | Gold Mining |
| 20:46 | Research | Bodkin Arrow |
| 21:09 | Build | Barracks |
| 21:14 | Queue | Villager (Male) |
| 21:27 | Queue | Villager (Male) |
| 21:46 | Build | Mining Camp |
| 21:49 | Queue | Villager (Male) |
| 21:54 | Research | Padded Archer Armor |
| 22:22 | Queue | Villager (Male) |
| 22:27 | Queue | Villager (Male) |
| 22:38 | Build | Mining Camp |
| 22:49 | Build | House |
| 22:52 | Build | House |
| 22:56 | Build | House |
| 23:03 | Research | Town Patrol |
| 23:14 | Queue | Janissary |
| 23:20 | Queue | Janissary |
| 23:40 | Build | Farm |
| 23:44 | Build | Farm |
| 23:46 | Queue | Villager (Male) |
| 23:48 | Queue | Villager (Male) |
| 23:54 | Build | Farm |
| 24:02 | Queue | Villager (Male) |
| 24:07 | Build | Farm |
| 24:15 | Build | Farm |
| 24:23 | Build | Farm |
| 24:27 | Queue | Villager (Male) |
| 24:31 | Queue | Janissary |
| 24:32 | Queue | Janissary |
| 24:47 | Queue | Janissary |
| 24:52 | Queue | Villager (Male) |
| 25:03 | Build | Mining Camp |
| 25:07 | Queue | Villager (Male) |
| 25:13 | Queue | Janissary |
| 25:31 | Queue | Villager (Male) |
| 25:42 | Build | Mill |
| 25:46 | Queue | Villager (Male) |
| 25:49 | Queue | Janissary |
| 25:50 | Queue | Janissary |
| 25:52 | Queue | Janissary |
| 26:15 | Queue | Villager (Male) |
| 26:30 | Build | Lumber Camp |
| 26:33 | Queue | Villager (Male) |
| 26:40 | Queue | Janissary |
| 26:57 | Build | Siege Workshop |
| 27:01 | Queue | Janissary |
| 27:01 | Queue | Janissary |
| 27:02 | Queue | Janissary |
| 27:34 | Queue | Mangonel |
| 27:36 | Queue | Mangonel |
| 27:37 | Queue | Villager (Male) |
| 27:38 | Queue | Villager (Male) |
| 27:41 | Queue | Villager (Male) |
| 27:44 | Research | Leather Archer Armor |
| 27:47 | Queue | Janissary |
| 27:48 | Queue | Janissary |
| 28:02 | Queue | Petard |
| 28:03 | Queue | Petard |
| 28:22 | Queue | Villager (Male) |
| 28:30 | Queue | Villager (Male) |
| 28:34 | Build | Lumber Camp |
| 29:09 | Build | Castle |
| 29:16 | Queue | Villager (Male) |
| 29:16 | Queue | Villager (Male) |
| 29:51 | Queue | Villager (Male) |
| 29:54 | Research | Hand Cart |
| 29:59 | Build | House |
| 30:01 | Build | House |
| 30:02 | Build | House |
| 30:04 | Build | House |
| 30:05 | Build | House |
| 30:08 | Build | House |
| 30:09 | Build | House |
| 30:12 | Build | House |
Build order — Cpl.Psnype.ANZACS.NZ
First 150 of 380 actions detected
| 0:02 | Queue | Villager (Male) ×4 |
| 0:02 | Queue | Villager (Male) ×4 |
| 0:05 | Build | House |
| 0:07 | Build | House |
| 1:40 | Queue | Villager (Male) |
| 2:05 | Queue | Villager (Male) |
| 2:43 | Build | House |
| 2:46 | Build | House |
| 2:56 | Build | Lumber Camp |
| 3:02 | Queue | Villager (Male) |
| 3:03 | Queue | Villager (Male) |
| 3:04 | Queue | Villager (Male) |
| 3:29 | Queue | Villager (Male) |
| 4:09 | Queue | Villager (Male) |
| 4:10 | Queue | Villager (Male) |
| 4:10 | Queue | Villager (Male) |
| 5:30 | Queue | Villager (Male) |
| 5:30 | Queue | Villager (Male) |
| 5:31 | Queue | Villager (Male) |
| 6:22 | Build | House |
| 6:24 | Build | House |
| 6:53 | Queue | Villager (Male) |
| 6:54 | Queue | Villager (Male) |
| 7:44 | Queue | Villager (Male) |
| 7:45 | Queue | Villager (Male) |
| 7:51 | Build | Mining Camp |
| 8:34 | Queue | Villager (Male) |
| 8:46 | Build | Mill |
| 9:12 | Queue | Villager (Male) |
| 9:12 | Queue | Villager (Male) |
| 9:49 | Research | Loom |
| 10:26 | Research | Feudal Age |
| 10:35 | Build | Barracks |
| 11:17 | Queue | Villager (Male) |
| 11:18 | Queue | Villager (Male) |
| 12:43 | Age | Feudal Age |
| 12:48 | Build | Market |
| 12:58 | Build | Blacksmith |
| 13:07 | Queue | Villager (Male) |
| 13:38 | Build | Mining Camp |
| 14:04 | Queue | Villager (Male) |
| 14:16 | Build | Farm |
| 14:17 | Build | Farm |
| 14:17 | Build | Farm |
| 14:17 | Build | Farm |
| 14:21 | Build | Farm |
| 14:31 | Queue | Villager (Male) |
| 14:57 | Queue | Villager (Male) |
| 15:44 | Queue | Militia |
| 16:10 | Research | Castle Age |
| 16:44 | Queue | Villager (Male) |
| 16:44 | Queue | Villager (Male) |
| 16:49 | Research | Stone Mining |
| 17:33 | Research | Horse Collar |
| 18:50 | Age | Castle Age |
| 19:00 | Build | Castle |
| 19:06 | Build | Farm |
| 19:06 | Build | Farm |
| 19:07 | Build | Farm |
| 19:07 | Build | Farm |
| 19:07 | Build | Farm |
| 19:09 | Build | Farm |
| 19:10 | Build | Farm |
| 19:13 | Build | Farm |
| 19:14 | Build | Farm |
| 19:15 | Build | Farm |
| 19:16 | Build | Farm |
| 19:23 | Build | Farm |
| 19:24 | Build | Farm |
| 19:29 | Research | Heavy Plow |
| 19:33 | Research | Double-Bit Axe |
| 20:20 | Queue | Villager (Male) |
| 20:23 | Queue | Villager (Male) |
| 20:24 | Queue | Villager (Male) |
| 20:48 | Queue | Villager (Male) |
| 21:12 | Queue | Villager (Male) |
| 21:25 | Queue | Villager (Male) |
| 21:49 | Research | Bow Saw |
| 22:05 | Queue | Villager (Male) |
| 22:08 | Queue | Villager (Male) |
| 22:26 | Build | Town Center |
| 23:11 | Queue | Villager (Male) |
| 23:21 | Build | Town Center |
| 23:38 | Queue | Villager (Male) |
| 23:53 | Queue | Villager (Male) |
| 23:55 | Queue | Villager (Male) |
| 24:08 | Queue | Villager (Male) |
| 24:22 | Research | Tech 455 |
| 24:24 | Queue | Villager (Male) ×5 |
| 24:26 | Queue | Villager (Male) ×5 |
| 24:27 | Queue | Villager (Male) ×2 |
| 24:44 | Build | Farm |
| 24:46 | Build | Farm |
| 24:47 | Build | Farm |
| 24:48 | Build | Farm |
| 24:49 | Build | Farm |
| 24:50 | Build | Farm |
| 24:51 | Build | Farm |
| 24:56 | Build | Lumber Camp |
| 25:20 | Queue | Villager (Male) ×5 |
| 25:23 | Queue | Villager (Male) |
| 25:30 | Build | Farm |
| 25:42 | Research | Gold Mining |
| 25:55 | Research | Man-at-Arms (upgrade) |
| 26:22 | Research | Squires |
| 26:24 | Research | Scale Mail Armor |
| 26:37 | Research | Forging |
| 26:40 | Queue | Villager (Male) |
| 26:47 | Queue | Villager (Male) |
| 27:03 | Build | Farm |
| 27:05 | Build | Farm |
| 27:07 | Build | Farm |
| 27:08 | Build | Farm |
| 27:14 | Build | Farm |
| 27:16 | Build | Farm |
| 27:18 | Build | Farm |
| 27:20 | Build | Farm |
| 27:37 | Research | Wheelbarrow |
| 27:37 | Research | Town Watch |
| 27:39 | Queue | Villager (Male) ×3 |
| 28:10 | Build | Farm |
| 28:31 | Research | Gold Shaft Mining |
| 28:45 | Build | Farm |
| 28:50 | Queue | Villager (Male) ×5 |
| 28:53 | Queue | Villager (Male) ×2 |
| 28:59 | Build | House |
| 29:00 | Build | House |
| 29:01 | Build | House |
| 29:02 | Build | House |
| 29:03 | Build | House |
| 29:04 | Build | House |
| 29:09 | Build | House |
| 29:10 | Build | House |
| 29:13 | Build | House |
| 29:13 | Build | House |
| 29:14 | Build | House |
| 29:15 | Build | House |
| 29:16 | Build | House |
| 29:18 | Build | House |
| 29:21 | Build | Farm |
| 29:21 | Build | Farm |
| 29:21 | Build | Farm |
| 29:34 | Build | Farm |
| 30:35 | Research | Imperial Age |
| 31:37 | Build | University |
| 31:43 | Build | Siege Workshop |
| 31:45 | Build | Siege Workshop |
| 31:57 | Research | Long Swordsman (upgrade) |
| 31:58 | Queue | Militia ×5 |
| 32:20 | Research | Hand Cart |
Build order — dfer
First 150 of 952 actions detected
| 0:03 | Queue | Villager (Male) |
| 0:03 | Queue | Villager (Male) |
| 0:03 | Queue | Villager (Male) |
| 0:08 | Build | House |
| 0:16 | Build | House |
| 0:17 | Build | House |
| 0:18 | Build | House |
| 1:09 | Build | Mill |
| 1:12 | Queue | Villager (Male) |
| 1:12 | Queue | Villager (Male) |
| 1:51 | Queue | Villager (Male) |
| 2:26 | Queue | Villager (Male) |
| 2:26 | Queue | Villager (Male) |
| 2:44 | Queue | Villager (Male) |
| 2:44 | Queue | Villager (Male) |
| 3:17 | Queue | Villager (Male) |
| 3:29 | Queue | Villager (Male) |
| 3:29 | Queue | Villager (Male) |
| 3:51 | Queue | Villager (Male) |
| 3:51 | Queue | Villager (Male) |
| 4:07 | Queue | Villager (Male) |
| 4:24 | Queue | Villager (Male) |
| 4:41 | Queue | Villager (Male) |
| 5:06 | Queue | Villager (Male) |
| 5:30 | Build | Lumber Camp |
| 5:36 | Queue | Villager (Male) |
| 5:55 | Queue | Villager (Male) |
| 6:57 | Queue | Villager (Male) |
| 7:25 | Queue | Villager (Male) |
| 8:10 | Queue | Villager (Male) |
| 8:11 | Queue | Villager (Male) |
| 9:05 | Queue | Villager (Male) |
| 9:09 | Queue | Villager (Male) |
| 9:46 | Research | Feudal Age |
| 9:50 | Build | House |
| 9:50 | Build | House |
| 9:52 | Build | House |
| 9:56 | Build | Barracks |
| 10:01 | Build | House |
| 10:03 | Build | House |
| 10:28 | Build | Mining Camp |
| 10:34 | Build | Mining Camp |
| 11:03 | Queue | Villager (Male) |
| 11:04 | Queue | Villager (Male) |
| 11:04 | Queue | Villager (Male) |
| 11:04 | Queue | Villager (Male) |
| 11:04 | Queue | Villager (Male) |
| 11:05 | Queue | Villager (Male) |
| 11:05 | Queue | Villager (Male) |
| 11:05 | Queue | Villager (Male) |
| 11:05 | Queue | Villager (Male) |
| 11:06 | Queue | Villager (Male) |
| 11:56 | Age | Feudal Age |
| 13:01 | Build | Market |
| 13:06 | Build | Blacksmith |
| 13:24 | Research | Double-Bit Axe |
| 13:28 | Research | Gold Mining |
| 13:29 | Research | Stone Mining |
| 13:35 | Build | House |
| 13:36 | Build | House |
| 13:37 | Build | House |
| 13:38 | Build | House |
| 13:48 | Build | Farm |
| 13:49 | Build | Farm |
| 13:50 | Build | Farm |
| 13:50 | Build | Farm |
| 13:50 | Build | Farm |
| 13:51 | Build | Farm |
| 14:40 | Build | Farm |
| 14:41 | Build | Farm |
| 14:43 | Build | Farm |
| 14:45 | Build | Farm |
| 14:46 | Build | Farm |
| 15:19 | Research | Loom |
| 15:21 | Queue | Villager (Male) |
| 15:21 | Queue | Villager (Male) |
| 15:45 | Build | Stable |
| 17:34 | Research | Castle Age |
| 17:34 | Research | Castle Age |
| 18:41 | Research | Bloodlines |
| 18:46 | Queue | Villager (Male) |
| 19:02 | Build | Farm |
| 19:05 | Build | Farm |
| 19:06 | Build | Farm |
| 19:07 | Build | Farm |
| 19:08 | Build | Farm |
| 19:09 | Build | Farm |
| 19:12 | Build | Farm |
| 20:14 | Age | Castle Age |
| 20:23 | Build | Town Center |
| 20:32 | Build | Town Center |
| 20:42 | Build | Town Center |
| 21:10 | Build | Town Center |
| 21:34 | Queue | Villager (Male) |
| 21:34 | Queue | Villager (Male) |
| 21:35 | Queue | Villager (Male) |
| 21:35 | Queue | Villager (Male) |
| 21:37 | Queue | Villager (Male) |
| 21:37 | Queue | Villager (Male) |
| 21:41 | Build | Farm |
| 21:42 | Build | Farm |
| 21:43 | Build | Farm |
| 21:45 | Build | Farm |
| 21:47 | Build | Farm |
| 22:01 | Research | Stone Shaft Mining |
| 22:18 | Queue | Villager (Male) |
| 22:18 | Queue | Villager (Male) |
| 22:45 | Build | Castle |
| 22:48 | Queue | Villager (Male) |
| 22:55 | Queue | Villager (Male) |
| 22:55 | Queue | Villager (Male) |
| 22:55 | Queue | Villager (Male) |
| 22:56 | Queue | Villager (Male) |
| 22:56 | Queue | Villager (Male) |
| 23:18 | Queue | Villager (Male) |
| 23:29 | Build | Farm |
| 23:31 | Build | Farm |
| 23:34 | Build | Farm |
| 23:36 | Build | Farm |
| 23:41 | Build | Farm |
| 23:43 | Build | Farm |
| 23:44 | Build | Farm |
| 23:47 | Build | Farm |
| 23:50 | Build | Farm |
| 23:56 | Build | Farm |
| 23:57 | Build | Farm |
| 23:58 | Build | Farm |
| 23:58 | Build | Farm |
| 23:59 | Build | Farm |
| 23:59 | Build | Farm |
| 24:01 | Queue | Villager (Male) |
| 24:01 | Queue | Villager (Male) |
| 24:01 | Queue | Villager (Male) |
| 24:01 | Queue | Villager (Male) |
| 24:02 | Queue | Villager (Male) |
| 24:06 | Queue | Villager (Male) |
| 24:06 | Queue | Villager (Male) |
| 24:06 | Queue | Villager (Male) |
| 24:06 | Queue | Villager (Male) |
| 24:07 | Queue | Villager (Male) |
| 24:07 | Queue | Villager (Male) |
| 24:17 | Queue | Villager (Male) |
| 24:17 | Queue | Villager (Male) |
| 24:30 | Queue | Villager (Male) |
| 24:30 | Queue | Villager (Male) |
| 24:30 | Queue | Villager (Male) |
| 24:38 | Queue | Villager (Male) |
| 24:38 | Queue | Villager (Male) |
| 24:47 | Queue | Villager (Male) |
| 24:58 | Research | Horse Collar |
Build order — 怒头堵紧
First 150 of 912 actions detected
| 0:02 | Queue | Villager (Male) |
| 0:02 | Queue | Villager (Male) |
| 0:03 | Queue | Villager (Male) |
| 0:04 | Build | House |
| 0:05 | Queue | Villager (Male) |
| 0:05 | Queue | Villager (Male) |
| 0:06 | Build | House |
| 1:33 | Queue | Villager (Male) |
| 1:34 | Queue | Villager (Male) |
| 2:01 | Build | Lumber Camp |
| 2:08 | Queue | Villager (Male) |
| 2:08 | Queue | Villager (Male) |
| 2:08 | Queue | Villager (Male) |
| 2:28 | Queue | Villager (Male) |
| 2:28 | Queue | Villager (Male) |
| 2:51 | Queue | Villager (Male) |
| 2:51 | Queue | Villager (Male) |
| 2:52 | Queue | Villager (Male) |
| 2:52 | Queue | Villager (Male) |
| 3:01 | Build | House |
| 3:18 | Queue | Villager (Male) |
| 3:18 | Queue | Villager (Male) |
| 3:56 | Queue | Villager (Male) |
| 3:57 | Queue | Villager (Male) |
| 4:15 | Build | Mill |
| 4:26 | Queue | Villager (Male) |
| 4:26 | Queue | Villager (Male) |
| 4:53 | Queue | Villager (Male) |
| 4:53 | Queue | Villager (Male) |
| 5:21 | Queue | Villager (Male) |
| 5:21 | Queue | Villager (Male) |
| 5:21 | Queue | Villager (Male) |
| 5:23 | Build | House |
| 5:43 | Queue | Villager (Male) |
| 5:58 | Queue | Villager (Male) |
| 5:59 | Queue | Villager (Male) |
| 6:00 | Queue | Villager (Male) |
| 6:01 | Queue | Villager (Male) |
| 6:18 | Queue | Villager (Male) |
| 6:19 | Queue | Villager (Male) |
| 6:19 | Queue | Villager (Male) |
| 6:19 | Queue | Villager (Male) |
| 6:47 | Queue | Villager (Male) |
| 6:47 | Queue | Villager (Male) |
| 6:47 | Queue | Villager (Male) |
| 8:25 | Research | Feudal Age |
| 8:25 | Research | Feudal Age |
| 8:25 | Research | Feudal Age |
| 8:48 | Queue | Villager (Male) |
| 9:01 | Build | House |
| 9:25 | Build | Palisade Wall |
| 9:28 | Build | Palisade Wall |
| 9:33 | Build | Palisade Wall |
| 10:21 | Queue | Villager (Male) ×5 |
| 10:22 | Queue | Villager (Male) ×5 |
| 10:22 | Queue | Villager (Male) ×4 |
| 10:35 | Age | Feudal Age |
| 11:17 | Queue | Villager (Male) ×2 |
| 11:17 | Queue | Villager (Male) ×2 |
| 11:21 | Build | Market |
| 11:22 | Build | Blacksmith |
| 11:32 | Build | House |
| 11:38 | Queue | Villager (Male) ×5 |
| 11:38 | Queue | Villager (Male) ×5 |
| 11:38 | Queue | Villager (Male) ×5 |
| 12:40 | Queue | Villager (Male) |
| 13:23 | Research | Castle Age |
| 13:23 | Research | Castle Age |
| 13:24 | Research | Castle Age |
| 13:37 | Build | Farm |
| 13:41 | Build | Farm |
| 13:47 | Build | Farm |
| 13:54 | Build | Farm |
| 14:02 | Build | Farm |
| 14:11 | Build | Farm |
| 14:15 | Build | Mining Camp |
| 15:22 | Queue | Villager (Male) ×5 |
| 15:22 | Queue | Villager (Male) ×5 |
| 15:22 | Queue | Villager (Male) ×5 |
| 15:26 | Build | House |
| 15:36 | Research | Horse Collar |
| 15:37 | Research | Horse Collar |
| 15:44 | Queue | Villager (Male) |
| 15:44 | Queue | Villager (Male) |
| 15:51 | Build | House |
| 15:52 | Build | House |
| 15:54 | Queue | Villager (Male) |
| 15:54 | Queue | Villager (Male) |
| 15:54 | Queue | Villager (Male) |
| 16:03 | Age | Castle Age |
| 16:11 | Queue | Villager (Male) |
| 16:11 | Queue | Villager (Male) |
| 16:25 | Build | Mining Camp |
| 16:51 | Queue | Villager (Male) |
| 16:51 | Queue | Villager (Male) |
| 16:59 | Build | Monastery |
| 17:07 | Queue | Villager (Male) |
| 17:08 | Queue | Villager (Male) |
| 17:26 | Build | Town Center |
| 17:43 | Build | Farm |
| 17:44 | Build | Farm |
| 17:50 | Build | Farm |
| 17:51 | Build | Farm |
| 17:54 | Queue | Villager (Male) |
| 17:55 | Queue | Villager (Male) |
| 18:09 | Queue | Villager (Male) |
| 18:10 | Queue | Villager (Male) |
| 18:31 | Build | Castle |
| 18:57 | Build | Castle |
| 19:04 | Queue | Villager (Male) |
| 19:06 | Queue | Monk |
| 19:06 | Queue | Monk |
| 19:07 | Queue | Monk |
| 19:15 | Build | House |
| 19:16 | Build | House |
| 19:27 | Queue | Villager (Male) ×3 |
| 20:06 | Queue | Villager (Male) ×3 |
| 20:06 | Queue | Villager (Male) ×3 |
| 20:28 | Build | Siege Workshop |
| 20:36 | Build | Mining Camp |
| 20:40 | Build | Farm |
| 20:41 | Build | Farm |
| 20:45 | Build | Farm |
| 20:50 | Queue | Villager (Male) ×2 |
| 20:50 | Queue | Villager (Male) ×2 |
| 20:57 | Queue | Villager (Male) |
| 20:57 | Queue | Villager (Male) |
| 21:01 | Queue | Battering Ram |
| 21:04 | Queue | Battering Ram |
| 21:07 | Queue | Villager (Male) |
| 21:07 | Queue | Villager (Male) |
| 22:22 | Queue | Monk |
| 22:23 | Queue | Villager (Male) ×5 |
| 22:24 | Queue | Villager (Male) ×5 |
| 22:44 | Build | Farm |
| 22:45 | Build | Farm |
| 22:47 | Build | Farm |
| 22:49 | Build | Farm |
| 22:53 | Queue | Villager (Male) ×3 |
| 22:53 | Queue | Villager (Male) ×3 |
| 23:03 | Build | Town Center |
| 23:06 | Queue | Villager (Male) |
| 23:06 | Queue | Villager (Male) |
| 23:31 | Queue | Villager (Male) ×2 |
| 23:31 | Queue | Villager (Male) ×2 |
| 23:31 | Queue | Villager (Male) |
| 23:35 | Queue | Battering Ram |
| 23:35 | Queue | Battering Ram |
| 23:44 | Queue | Villager (Male) |
| 23:49 | Queue | Petard |
Build order — rodolfo casas noten¨o
First 150 of 353 actions detected
| 0:02 | Queue | Villager (Male) |
| 0:03 | Queue | Villager (Male) |
| 0:03 | Queue | Villager (Male) |
| 0:03 | Queue | Villager (Male) |
| 0:04 | Queue | Villager (Male) |
| 1:28 | Queue | Villager (Male) |
| 1:28 | Queue | Villager (Male) |
| 2:13 | Queue | Villager (Male) |
| 2:13 | Queue | Villager (Male) |
| 2:13 | Queue | Villager (Male) |
| 2:51 | Build | Lumber Camp |
| 2:55 | Queue | Villager (Male) |
| 2:56 | Queue | Villager (Male) |
| 2:56 | Queue | Villager (Male) |
| 3:22 | Queue | Villager (Male) |
| 4:17 | Queue | Villager (Male) |
| 4:27 | Queue | Villager (Male) |
| 4:27 | Queue | Villager (Male) |
| 5:20 | Build | Mill |
| 5:41 | Queue | Villager (Male) |
| 5:42 | Queue | Villager (Male) |
| 5:50 | Queue | Villager (Male) |
| 5:50 | Queue | Villager (Male) |
| 5:50 | Queue | Villager (Male) |
| 5:50 | Queue | Villager (Male) |
| 6:14 | Queue | Villager (Male) |
| 6:36 | Build | Lumber Camp |
| 7:41 | Build | Farm |
| 7:52 | Build | Farm |
| 8:00 | Queue | Villager (Male) |
| 8:01 | Queue | Villager (Male) |
| 8:30 | Build | Farm |
| 8:47 | Queue | Villager (Male) |
| 9:21 | Research | Feudal Age |
| 9:33 | Build | Mining Camp |
| 9:42 | Build | Barracks |
| 9:57 | Build | Farm |
| 9:59 | Build | Farm |
| 10:38 | Queue | Villager (Male) |
| 11:14 | Queue | Villager (Male) |
| 11:31 | Age | Feudal Age |
| 11:35 | Build | Stable |
| 11:44 | Build | Market |
| 11:51 | Queue | Villager (Male) |
| 12:10 | Queue | Spearman |
| 12:50 | Build | Farm |
| 12:51 | Build | Farm |
| 12:52 | Queue | Villager (Male) |
| 12:57 | Queue | Scout Cavalry |
| 13:07 | Build | Archery Range |
| 13:22 | Build | Farm |
| 13:39 | Build | Stone Wall |
| 13:39 | Build | Stone Wall |
| 13:42 | Queue | Villager (Male) |
| 14:09 | Research | Loom |
| 14:09 | Queue | Villager (Male) |
| 14:20 | Build | Stone Wall |
| 14:21 | Build | Stone Wall |
| 14:35 | Queue | Scout Cavalry |
| 14:44 | Build | Farm |
| 14:46 | Build | Farm |
| 15:25 | Research | Castle Age |
| 15:49 | Research | Double-Bit Axe |
| 15:52 | Queue | Scout Cavalry |
| 16:07 | Build | Outpost |
| 16:22 | Build | Mining Camp |
| 16:30 | Queue | Scout Cavalry |
| 16:57 | Build | Stone Wall |
| 16:58 | Build | Stone Wall |
| 17:04 | Queue | Spearman |
| 17:09 | Build | Blacksmith |
| 17:32 | Queue | Scout Cavalry |
| 17:47 | Build | Outpost |
| 17:59 | Research | Fletching |
| 18:05 | Age | Castle Age |
| 18:17 | Queue | Villager (Male) |
| 18:23 | Queue | Villager (Male) |
| 18:31 | Build | Town Center |
| 18:50 | Queue | Skirmisher |
| 19:07 | Queue | Villager (Male) |
| 19:29 | Research | Wheelbarrow |
| 19:54 | Build | Town Center |
| 19:57 | Queue | Villager (Male) |
| 20:21 | Queue | Cavalry Archer |
| 20:27 | Queue | Villager (Male) |
| 20:33 | Research | Horse Collar |
| 20:47 | Queue | Villager (Male) |
| 21:02 | Queue | Scout Cavalry |
| 21:13 | Queue | Villager (Male) ×2 |
| 21:44 | Queue | Villager (Male) |
| 21:56 | Build | Farm |
| 22:06 | Queue | Cavalry Archer |
| 22:07 | Queue | Villager (Male) |
| 22:12 | Queue | Villager (Male) |
| 22:24 | Build | Outpost |
| 22:45 | Queue | Villager (Male) |
| 22:45 | Queue | Villager (Male) |
| 22:48 | Build | Farm |
| 23:04 | Queue | Cavalry Archer |
| 23:37 | Build | Farm |
| 23:38 | Build | Farm |
| 23:43 | Research | Hand Cart |
| 23:55 | Build | Outpost |
| 23:57 | Queue | Villager (Male) |
| 24:03 | Build | Farm |
| 24:03 | Build | Farm |
| 24:29 | Queue | Villager (Male) ×3 |
| 24:57 | Build | Outpost |
| 25:00 | Build | Farm |
| 25:20 | Build | Town Center |
| 25:34 | Queue | Cavalry Archer |
| 25:36 | Queue | Villager (Male) |
| 25:41 | Build | Farm |
| 26:00 | Queue | Villager (Male) |
| 26:01 | Queue | Villager (Male) |
| 26:05 | Research | Bodkin Arrow |
| 26:09 | Queue | Villager (Male) ×2 |
| 26:47 | Queue | Villager (Male) |
| 26:51 | Queue | Cavalry Archer |
| 26:54 | Build | Archery Range |
| 27:39 | Build | Outpost |
| 27:41 | Queue | Villager (Male) |
| 27:46 | Build | Castle |
| 28:02 | Queue | Villager (Male) |
| 28:03 | Queue | Villager (Male) |
| 28:03 | Queue | Villager (Male) |
| 28:06 | Build | Archery Range |
| 28:12 | Build | University |
| 28:38 | Queue | Villager (Male) |
| 28:39 | Queue | Villager (Male) |
| 28:45 | Build | Siege Workshop |
| 28:56 | Build | Monastery |
| 28:58 | Queue | Villager (Male) |
| 29:01 | Queue | Villager (Male) ×5 |
| 29:09 | Queue | Cavalry Archer ×4 |
| 29:29 | Research | Bow Saw |
| 29:58 | Build | Outpost |
| 30:01 | Queue | Battering Ram |
| 30:02 | Queue | Villager (Male) |
| 30:04 | Queue | Villager (Male) |
| 30:04 | Queue | Villager (Male) |
| 30:04 | Queue | Villager (Male) |
| 30:42 | Research | Heavy Plow |
| 31:24 | Research | Ballistics |
| 31:25 | Research | Ballistics |
| 31:52 | Research | Imperial Age |
| 31:58 | Queue | Cavalry Archer ×5 |
| 32:01 | Research | Padded Archer Armor |
| 32:01 | Research | Padded Archer Armor |
| 32:34 | Build | Archery Range |
Build order — ZC_39
First 150 of 590 actions detected
| 0:03 | Queue | Villager (Male) |
| 0:03 | Queue | Villager (Male) |
| 0:04 | Queue | Villager (Male) |
| 0:04 | Queue | Villager (Male) |
| 0:04 | Queue | Villager (Male) |
| 0:09 | Build | House |
| 0:10 | Build | House |
| 0:18 | Build | House |
| 0:19 | Build | House |
| 1:49 | Queue | Villager (Male) |
| 1:49 | Queue | Villager (Male) |
| 2:43 | Queue | Villager (Male) |
| 2:44 | Queue | Villager (Male) |
| 2:44 | Queue | Villager (Male) |
| 2:44 | Queue | Villager (Male) |
| 3:29 | Queue | Villager (Male) |
| 3:30 | Queue | Villager (Male) |
| 3:30 | Queue | Villager (Male) |
| 4:07 | Queue | Villager (Male) |
| 4:08 | Queue | Villager (Male) |
| 5:01 | Queue | Villager (Male) |
| 5:01 | Queue | Villager (Male) |
| 5:01 | Queue | Villager (Male) |
| 5:37 | Build | Mill |
| 6:11 | Queue | Villager (Male) |
| 6:11 | Queue | Villager (Male) |
| 6:50 | Queue | Villager (Male) |
| 6:50 | Queue | Villager (Male) |
| 6:52 | Queue | Villager (Male) |
| 6:52 | Queue | Villager (Male) |
| 6:53 | Queue | Villager (Male) |
| 6:54 | Queue | Villager (Male) |
| 8:33 | Build | Lumber Camp |
| 9:05 | Build | Mining Camp |
| 9:08 | Research | Feudal Age |
| 10:17 | Build | House |
| 10:18 | Build | House |
| 11:01 | Queue | Villager (Male) |
| 11:01 | Queue | Villager (Male) |
| 11:34 | Age | Feudal Age |
| 11:35 | Build | Farm |
| 11:36 | Build | Farm |
| 11:37 | Build | Farm |
| 11:40 | Build | Farm |
| 11:50 | Build | Market |
| 11:56 | Build | Blacksmith |
| 12:38 | Build | Farm |
| 12:53 | Research | Castle Age |
| 13:47 | Research | Double-Bit Axe |
| 13:56 | Research | Horse Collar |
| 14:07 | Build | Farm |
| 14:13 | Build | Farm |
| 14:19 | Build | Farm |
| 15:18 | Queue | Villager (Male) |
| 15:18 | Queue | Villager (Male) |
| 15:18 | Queue | Villager (Male) |
| 15:33 | Age | Castle Age |
| 15:36 | Research | Bow Saw |
| 15:48 | Build | Town Center |
| 16:11 | Queue | Villager (Male) |
| 16:17 | Research | Heavy Plow |
| 16:46 | Queue | Villager (Male) |
| 17:00 | Build | Town Center |
| 17:23 | Build | House |
| 17:24 | Build | House |
| 17:26 | Build | House |
| 17:27 | Build | House |
| 17:29 | Build | House |
| 17:35 | Research | Wheelbarrow |
| 17:46 | Build | Farm |
| 18:12 | Build | Farm |
| 18:15 | Build | Farm |
| 18:17 | Build | Farm |
| 18:25 | Queue | Villager (Male) |
| 18:25 | Queue | Villager (Male) |
| 18:25 | Queue | Villager (Male) |
| 18:30 | Queue | Villager (Male) |
| 18:44 | Queue | Villager (Male) |
| 18:50 | Queue | Villager (Male) |
| 18:50 | Queue | Villager (Male) |
| 18:50 | Queue | Villager (Male) |
| 18:51 | Queue | Villager (Male) |
| 18:57 | Build | Farm |
| 19:03 | Queue | Villager (Male) |
| 19:04 | Queue | Villager (Male) |
| 19:20 | Build | Farm |
| 19:20 | Build | Farm |
| 19:21 | Build | Farm |
| 19:29 | Queue | Villager (Male) |
| 19:29 | Queue | Villager (Male) |
| 19:29 | Queue | Villager (Male) |
| 19:39 | Queue | Villager (Male) |
| 19:54 | Queue | Villager (Male) |
| 19:54 | Queue | Villager (Male) |
| 20:02 | Build | Farm |
| 20:03 | Build | Farm |
| 20:04 | Build | Farm |
| 20:15 | Build | Town Center |
| 20:26 | Queue | Villager (Male) |
| 20:27 | Queue | Villager (Male) |
| 20:27 | Queue | Villager (Male) |
| 20:37 | Build | House |
| 20:38 | Build | House |
| 20:39 | Build | House |
| 20:46 | Queue | Villager (Male) |
| 20:46 | Queue | Villager (Male) |
| 20:50 | Queue | Villager (Male) |
| 21:01 | Queue | Villager (Male) |
| 21:01 | Queue | Villager (Male) |
| 21:06 | Queue | Villager (Male) |
| 21:12 | Build | House |
| 21:13 | Build | House |
| 21:26 | Research | Stone Mining |
| 21:32 | Build | Farm |
| 21:33 | Build | Farm |
| 21:33 | Build | Farm |
| 21:38 | Queue | Villager (Male) |
| 21:38 | Queue | Villager (Male) |
| 21:46 | Queue | Villager (Male) |
| 21:46 | Queue | Villager (Male) |
| 21:54 | Queue | Villager (Male) |
| 21:54 | Queue | Villager (Male) |
| 22:03 | Queue | Villager (Male) |
| 22:03 | Queue | Villager (Male) |
| 22:03 | Queue | Villager (Male) |
| 22:13 | Build | Barracks |
| 22:25 | Build | University |
| 22:29 | Queue | Villager (Male) |
| 22:30 | Queue | Villager (Male) |
| 22:30 | Queue | Villager (Male) |
| 22:30 | Queue | Villager (Male) |
| 22:38 | Queue | Villager (Male) |
| 22:53 | Queue | Villager (Male) |
| 22:53 | Queue | Villager (Male) |
| 22:53 | Queue | Villager (Male) |
| 22:53 | Queue | Villager (Male) |
| 23:06 | Queue | Villager (Male) |
| 23:06 | Queue | Villager (Male) |
| 23:24 | Build | Castle |
| 23:36 | Build | Farm |
| 23:37 | Build | Farm |
| 23:38 | Build | Farm |
| 23:39 | Build | Farm |
| 23:40 | Build | Farm |
| 23:41 | Build | Farm |
| 23:43 | Queue | Villager (Male) |
| 23:44 | Queue | Villager (Male) |
| 23:44 | Queue | Villager (Male) |
| 23:44 | Queue | Villager (Male) |
| 23:45 | Queue | Villager (Male) |
Match timeline
| 9:25 | 怒头堵紧 · wall_segment Palisade Wall x1 |
| 9:28 | 怒头堵紧 · wall_segment Palisade Wall x1 |
| 9:33 | 怒头堵紧 · wall_segment Palisade Wall x1 |
| 9:42 | rodolfo casas noten¨o · first_building Barracks |
| 9:56 | dfer · first_building Barracks |
| 10:35 | Cpl.Psnype.ANZACS.NZ · first_building Barracks |
| 10:35 | 怒头堵紧 · age_up feudal |
| 11:28 | 武靖岐阳王李文忠 · age_up feudal |
| 11:29 | 你大大哥 · age_up feudal |
| 11:31 | rodolfo casas noten¨o · age_up feudal |
| 11:34 | ZC_39 · age_up feudal |
| 11:35 | rodolfo casas noten¨o · first_building Stable |
| 11:56 | dfer · age_up feudal |
| 12:43 | Cpl.Psnype.ANZACS.NZ · age_up feudal |
| 12:59 | dafr1997 · age_up feudal |
| 13:07 | rodolfo casas noten¨o · first_building Archery Range |
| 13:39 | rodolfo casas noten¨o · wall_segment Stone Wall x1 |
| 13:39 | rodolfo casas noten¨o · wall_segment Stone Wall x1 |
| 14:20 | rodolfo casas noten¨o · wall_segment Stone Wall x1 |
| 14:21 | rodolfo casas noten¨o · wall_segment Stone Wall x1 |
| 15:11 | 你大大哥 · first_building Barracks |
| 15:20 | 你大大哥 · age_up castle |
| 15:33 | ZC_39 · age_up castle |
| 15:42 | 武靖岐阳王李文忠 · first_building Barracks |
| 15:45 | dfer · first_building Stable |
| 16:03 | 怒头堵紧 · age_up castle |
| 16:44 | dfer · first_market_buy 100 food |
| 16:48 | dfer · first_market_sell 100 wood |
| 16:57 | rodolfo casas noten¨o · wall_segment Stone Wall x1 |
| 16:58 | rodolfo casas noten¨o · wall_segment Stone Wall x1 |
| 16:59 | 怒头堵紧 · first_building Monastery |
| 17:00 | 武靖岐阳王李文忠 · first_building Archery Range |
| 17:11 | 武靖岐阳王李文忠 · first_building Stable |
| 18:05 | rodolfo casas noten¨o · age_up castle |
| 18:10 | dafr1997 · age_up castle |
| 18:31 | 怒头堵紧 · first_building Castle |
| 18:38 | 你大大哥 · first_building Monastery |
| 18:47 | ZC_39 · first_market_buy 100 food |
| 18:50 | Cpl.Psnype.ANZACS.NZ · age_up castle |
| 19:00 | Cpl.Psnype.ANZACS.NZ · first_building Castle |
| 19:05 | 武靖岐阳王李文忠 · age_up castle |
| 20:14 | dfer · age_up castle |
| 20:26 | dafr1997 · first_building Castle |
| 20:28 | 怒头堵紧 · first_building Siege Workshop |
| 21:09 | dafr1997 · first_building Barracks |
| 22:13 | ZC_39 · first_building Barracks |
| 22:45 | dfer · first_building Castle |
| 23:19 | 你大大哥 · first_building Stable |
| 23:24 | ZC_39 · first_building Castle |
| 23:55 | ZC_39 · first_building Monastery |
| 24:11 | ZC_39 · first_building Stable |
| 24:17 | 武靖岐阳王李文忠 · first_building Castle |
| 25:13 | rodolfo casas noten¨o · first_market_buy 100 wood |
| 25:29 | 你大大哥 · first_market_sell 100 food |
| 25:46 | ZC_39 · wall_segment Stone Wall x10 |
| 25:53 | ZC_39 · wall_segment Stone Wall x5 |
| 26:57 | dafr1997 · first_building Siege Workshop |
| 27:30 | 你大大哥 · first_building Castle |
| 27:46 | rodolfo casas noten¨o · first_building Castle |
| 28:41 | Cpl.Psnype.ANZACS.NZ · tribute_sent a jugador 1 |
| 28:41 | Cpl.Psnype.ANZACS.NZ · tribute_sent a jugador 2 |
| 28:41 | Cpl.Psnype.ANZACS.NZ · tribute_sent a jugador 4 |
| 28:41 | Cpl.Psnype.ANZACS.NZ · tribute_sent a jugador 5 |
| 28:41 | Cpl.Psnype.ANZACS.NZ · tribute_sent a jugador 6 |
| 28:41 | Cpl.Psnype.ANZACS.NZ · tribute_sent a jugador 7 |
| 28:41 | Cpl.Psnype.ANZACS.NZ · tribute_sent a jugador 8 |
| 28:45 | rodolfo casas noten¨o · first_building Siege Workshop |
| 28:56 | rodolfo casas noten¨o · first_building Monastery |
| 29:03 | 你大大哥 · age_up imperial |
| 30:16 | 怒头堵紧 · wall_segment Stone Wall x1 |
| 31:01 | ZC_39 · first_market_sell 500 wood |
| 31:43 | Cpl.Psnype.ANZACS.NZ · first_building Siege Workshop |
| 31:46 | 怒头堵紧 · first_building Barracks |
| 32:44 | dafr1997 · first_building Monastery |
| 32:49 | ZC_39 · age_up imperial |
| 33:11 | 怒头堵紧 · first_building Stable |
| 33:45 | Cpl.Psnype.ANZACS.NZ · age_up imperial |
| 33:55 | dfer · age_up imperial |
| 35:02 | rodolfo casas noten¨o · age_up imperial |
| 35:05 | rodolfo casas noten¨o · wall_segment Stone Wall x16 |
| 35:20 | dfer · first_building Siege Workshop |
| 37:23 | 你大大哥 · first_building Siege Workshop |
| 37:37 | dafr1997 · age_up imperial |
| 38:36 | 武靖岐阳王李文忠 · age_up imperial |
| 38:41 | dafr1997 · first_building Stable |
| 39:05 | 武靖岐阳王李文忠 · first_market_buy 100 food |
| 40:49 | rodolfo casas noten¨o · wall_segment Stone Wall x10 |
| 41:44 | Cpl.Psnype.ANZACS.NZ · tribute_sent a jugador 1 |
| 41:44 | Cpl.Psnype.ANZACS.NZ · tribute_sent a jugador 2 |
| 41:44 | Cpl.Psnype.ANZACS.NZ · tribute_sent a jugador 4 |
| 41:44 | Cpl.Psnype.ANZACS.NZ · tribute_sent a jugador 5 |
| 41:44 | Cpl.Psnype.ANZACS.NZ · tribute_sent a jugador 6 |
| 41:44 | Cpl.Psnype.ANZACS.NZ · tribute_sent a jugador 7 |
| 41:44 | Cpl.Psnype.ANZACS.NZ · tribute_sent a jugador 8 |
| 44:01 | 怒头堵紧 · age_up imperial |
| 46:57 | Cpl.Psnype.ANZACS.NZ · tribute_sent a jugador 1 |
| 46:57 | Cpl.Psnype.ANZACS.NZ · tribute_sent a jugador 2 |
| 46:57 | Cpl.Psnype.ANZACS.NZ · tribute_sent a jugador 4 |
| 46:57 | Cpl.Psnype.ANZACS.NZ · tribute_sent a jugador 5 |
| 46:57 | Cpl.Psnype.ANZACS.NZ · tribute_sent a jugador 6 |
| 46:57 | Cpl.Psnype.ANZACS.NZ · tribute_sent a jugador 7 |
| 46:57 | Cpl.Psnype.ANZACS.NZ · tribute_sent a jugador 8 |
| 47:10 | Cpl.Psnype.ANZACS.NZ · tribute_sent a jugador 1 |
| 47:10 | Cpl.Psnype.ANZACS.NZ · tribute_sent a jugador 2 |
| 47:10 | Cpl.Psnype.ANZACS.NZ · tribute_sent a jugador 4 |
| 47:10 | Cpl.Psnype.ANZACS.NZ · tribute_sent a jugador 5 |
| 47:10 | Cpl.Psnype.ANZACS.NZ · tribute_sent a jugador 6 |
| 47:10 | Cpl.Psnype.ANZACS.NZ · tribute_sent a jugador 7 |
| 47:10 | Cpl.Psnype.ANZACS.NZ · tribute_sent a jugador 8 |
| 47:43 | ZC_39 · wall_segment Stone Wall x22 |
| 49:29 | Cpl.Psnype.ANZACS.NZ · tribute_sent a jugador 1 |
| 49:29 | Cpl.Psnype.ANZACS.NZ · tribute_sent a jugador 2 |
| 49:29 | Cpl.Psnype.ANZACS.NZ · tribute_sent a jugador 4 |
| 49:29 | Cpl.Psnype.ANZACS.NZ · tribute_sent a jugador 5 |
| 49:29 | Cpl.Psnype.ANZACS.NZ · tribute_sent a jugador 6 |
| 49:29 | Cpl.Psnype.ANZACS.NZ · tribute_sent a jugador 7 |
| 49:29 | Cpl.Psnype.ANZACS.NZ · tribute_sent a jugador 8 |
| 49:35 | 你大大哥 · first_market_buy 100 stone |
| 50:01 | 你大大哥 · wall_segment Stone Wall x8 |
| 50:22 | 武靖岐阳王李文忠 · tribute_sent a jugador 1 |
| 50:22 | 武靖岐阳王李文忠 · tribute_sent a jugador 2 |
| 50:22 | 武靖岐阳王李文忠 · tribute_sent a jugador 3 |
| 50:22 | 武靖岐阳王李文忠 · tribute_sent a jugador 4 |
| 50:22 | 武靖岐阳王李文忠 · tribute_sent a jugador 5 |
| 50:22 | 武靖岐阳王李文忠 · tribute_sent a jugador 6 |
| 50:22 | 武靖岐阳王李文忠 · tribute_sent a jugador 8 |
| 50:24 | Cpl.Psnype.ANZACS.NZ · tribute_sent a jugador 1 |
| 50:24 | Cpl.Psnype.ANZACS.NZ · tribute_sent a jugador 2 |
| 50:24 | Cpl.Psnype.ANZACS.NZ · tribute_sent a jugador 4 |
| 50:24 | Cpl.Psnype.ANZACS.NZ · tribute_sent a jugador 5 |
| 50:24 | Cpl.Psnype.ANZACS.NZ · tribute_sent a jugador 6 |
| 50:24 | Cpl.Psnype.ANZACS.NZ · tribute_sent a jugador 7 |
| 50:24 | Cpl.Psnype.ANZACS.NZ · tribute_sent a jugador 8 |
| 52:41 | 武靖岐阳王李文忠 · first_building Monastery |
| 52:58 | ZC_39 · wall_segment Stone Wall x26 |
| 53:17 | ZC_39 · wall_segment Stone Wall x9 |
| 54:28 | ZC_39 · tribute_sent a jugador 1 |
| 54:28 | ZC_39 · tribute_sent a jugador 2 |
| 54:28 | ZC_39 · tribute_sent a jugador 3 |
| 54:28 | ZC_39 · tribute_sent a jugador 4 |
| 54:28 | ZC_39 · tribute_sent a jugador 5 |
| 54:28 | ZC_39 · tribute_sent a jugador 6 |
| 54:28 | ZC_39 · tribute_sent a jugador 7 |
| 54:29 | dafr1997 · tribute_sent a jugador 1 |
| 54:29 | dafr1997 · tribute_sent a jugador 3 |
| 54:29 | dafr1997 · tribute_sent a jugador 4 |
| 54:29 | dafr1997 · tribute_sent a jugador 5 |
| 54:29 | dafr1997 · tribute_sent a jugador 6 |
| 54:29 | dafr1997 · tribute_sent a jugador 7 |
| 54:29 | dafr1997 · tribute_sent a jugador 8 |
| 54:29 | dfer · tribute_sent a jugador 1 |
| 54:29 | dfer · tribute_sent a jugador 2 |
| 54:29 | dfer · tribute_sent a jugador 3 |
| 54:29 | dfer · tribute_sent a jugador 5 |
| 54:29 | dfer · tribute_sent a jugador 6 |
| 54:29 | dfer · tribute_sent a jugador 7 |
| 54:29 | dfer · tribute_sent a jugador 8 |
| 54:54 | rodolfo casas noten¨o · first_market_sell 100 food |
| 54:58 | 怒头堵紧 · wall_segment Stone Wall x1 |
| 55:01 | 怒头堵紧 · wall_segment Stone Wall x7 |
| 56:03 | 怒头堵紧 · first_market_sell 500 wood |
| 56:06 | dfer · tribute_sent a jugador 1 |
| 56:06 | dfer · tribute_sent a jugador 2 |
| 56:06 | dfer · tribute_sent a jugador 3 |
| 56:06 | dfer · tribute_sent a jugador 5 |
| 56:06 | dfer · tribute_sent a jugador 6 |
| 56:06 | dfer · tribute_sent a jugador 7 |
| 56:06 | dfer · tribute_sent a jugador 8 |
| 56:19 | Cpl.Psnype.ANZACS.NZ · tribute_sent a jugador 1 |
| 56:19 | Cpl.Psnype.ANZACS.NZ · tribute_sent a jugador 2 |
| 56:19 | Cpl.Psnype.ANZACS.NZ · tribute_sent a jugador 4 |
| 56:19 | Cpl.Psnype.ANZACS.NZ · tribute_sent a jugador 5 |
| 56:19 | Cpl.Psnype.ANZACS.NZ · tribute_sent a jugador 6 |
| 56:19 | Cpl.Psnype.ANZACS.NZ · tribute_sent a jugador 7 |
| 56:19 | Cpl.Psnype.ANZACS.NZ · tribute_sent a jugador 8 |
| 61:11 | 怒头堵紧 · wall_segment Stone Wall x1 |
| 63:45 | dafr1997 · first_building Archery Range |
| 65:20 | 怒头堵紧 · wall_segment Stone Wall x1 |
| 65:26 | 武靖岐阳王李文忠 · wall_segment Stone Wall x3 |
| 68:07 | ZC_39 · first_building Siege Workshop |
| 68:24 | dfer · first_building Archery Range |
| 68:34 | ZC_39 · resign |
| 69:05 | Cpl.Psnype.ANZACS.NZ · tribute_sent a jugador 1 |
| 69:05 | Cpl.Psnype.ANZACS.NZ · tribute_sent a jugador 2 |
| 69:05 | Cpl.Psnype.ANZACS.NZ · tribute_sent a jugador 4 |
| 69:05 | Cpl.Psnype.ANZACS.NZ · tribute_sent a jugador 5 |
| 69:05 | Cpl.Psnype.ANZACS.NZ · tribute_sent a jugador 6 |
| 69:05 | Cpl.Psnype.ANZACS.NZ · tribute_sent a jugador 7 |
| 69:05 | Cpl.Psnype.ANZACS.NZ · tribute_sent a jugador 8 |
| 69:31 | Cpl.Psnype.ANZACS.NZ · tribute_sent a jugador 1 |
| 69:31 | Cpl.Psnype.ANZACS.NZ · tribute_sent a jugador 2 |
| 69:31 | Cpl.Psnype.ANZACS.NZ · tribute_sent a jugador 4 |
| 69:31 | Cpl.Psnype.ANZACS.NZ · tribute_sent a jugador 5 |
| 69:31 | Cpl.Psnype.ANZACS.NZ · tribute_sent a jugador 6 |
| 69:31 | Cpl.Psnype.ANZACS.NZ · tribute_sent a jugador 7 |
| 69:31 | Cpl.Psnype.ANZACS.NZ · tribute_sent a jugador 8 |
[ AI ANALYSIS · 1 CREDIT ]
What really happened in this match?
Wolo.gg analyzes every decision: build order, eco, micro, common mistakes by bracket. Personalized analysis on WhatsApp or Discord in 30 seconds.
Civ guide
Vietnamese
Perfil
Jugador #22643921